 Dungeon Crawl Stone Soup version 0.30-a0-476-g330ca2eb8e (webtiles) character file.

Game seed: 3749255338889418315

515 Turgor the Chopper (level 7, -22/53 HPs)
             Began as a Demonspawn Gladiator on Dec 21, 2022.
             Was an Initiate of Gozag.
             Annihilated by a two-headed ogre
             ... wielding a +0 giant club
              (24 damage)
             ... on level 5 of the Dungeon.
             The game lasted 00:23:56 (3849 turns).

Turgor the Chopper (Demonspawn Gladiator)           Turns: 3849, Time: 00:23:56

Health: -22/53     AC: 11    Str: 20    XL:     7   Next: 0%
Magic:  7/7        EV: 10    Int: 12    God:    Gozag
Gold:   151        SH: 12    Dex: 14    Spells: 6/6 levels left

rFire   + . .      SeeInvis .    a - +0 war axe
rCold   . . .      Faith    .    p - +3 kite shield
rNeg    . . .      Spirit   .    x - +1 chain mail {rF+}
rPois   .          Reflect  .    (helmet restricted)
rElec   .          Harm     .    l - +0 cloak
rCorr   .          Rampage  .    A - +0 pair of gloves
Will    .....                    (no boots)
Stlth   ..........               u - amulet of the acrobat
HPRegen 0.28/turn                h - +4 ring of evasion
MPRegen 0.20/turn                q - +6 ring of strength

@: no status effects
A: antennae 2, powered by pain 2, magic regeneration
a: Renounce Religion, Potion Petition, Call Merchant, Bribe Branch


You were on level 5 of the Dungeon.
You worshipped Gozag.
Gozag was aware of your devotion.
You visited 2 branches of the dungeon, and saw 6 of its levels.

You collected 325 gold pieces.
You spent 105 gold pieces at shops.
You paid 69 gold pieces to Gozag.

Inventory:

Hand Weapons
 a - a +0 war axe (weapon)
 e - the +8 dagger of the Hand {vorpal, rElec Str+2 Dex+2}
   (You took it off a hobgoblin on level 2 of the Dungeon)

   It inflicts extra damage upon your enemies.
   Str:       It affects your strength (+2).
   Dex:       It affects your dexterity (+2).
   rElec:     It insulates you from electricity.
 j - a +3 rapier
Missiles
 g - 69 stones (quivered)
Armour
 l - a +0 cloak (worn)
 p - a +3 kite shield (worn)
 x - a +1 chain mail of fire resistance (worn)
 A - a +0 pair of gloves (worn)
Magical Staves
 o - a staff of death
 y - a staff of earth
Jewellery
 h - a +4 ring of evasion (left hand)
 k - a +6 ring of intelligence
 q - a +6 ring of strength (right hand)
 u - an amulet of the acrobat (around neck)
 C - a ring of see invisible
Scrolls
 b - a scroll of enchant weapon {unknown}
 m - 2 scrolls of enchant armour
 t - 2 scrolls of teleportation {unknown}
 v - a scroll of fear {unknown}
 w - a scroll of magic mapping {unknown}
 E - a scroll of immolation {unknown}
Potions
 c - 2 potions of mutation
 f - 2 potions of flight
 i - 4 potions of magic
 n - a potion of might
 z - a potion of heal wounds {unknown}
 B - 3 potions of curing
 D - a potion of ambrosia {unknown}


   Skills:
 + Level 3.8 Fighting
 * Level 5.1 Axes
 - Level 2.0 Throwing
 - Level 3.0 Dodging
 * Level 3.5 Shields


You had 6 spell levels left.
You didn't know any spells.
Your spell library contained the following spells:

 Spells                   Type           Power      Damage    Failure   Level
 Sandblast                Erth           0%         2d4       100%        1
 Passwall                 Tmut/Erth      0%         N/A       100%        2
 Dazzling Flash           Conj/Hex       0%         N/A       100%        3
 Gell's Gravitas          Tloc           0%         N/A       100%        3
 Kindle Blastsparks       Fire/Tloc/Air  0%         2d10      100%        3
 Lesser Beckoning         Tloc           0%         N/A       100%        3
 Stone Arrow              Conj/Erth      0%         3d7       100%        3
 Teleport Other           Tloc           0%         N/A       100%        3
 Anguish                  Hex/Necr       0%         N/A       100%        4
 Dispersal                Tloc           0%         N/A       100%        6


Dungeon Overview and Level Annotations

Branches:
Dungeon (5/15)             Temple (1/1) D:4

Altars:
Ashenzari
Gozag
Kikubaaqudgha
Vehumet

Shops:
D:1 [   D:5 *


Innate Abilities, Weirdness & Mutations

You have a pair of antennae on your head.
You sometimes gain power by taking damage.
You regenerate magic rapidly.


Message History

You hit the two-headed ogre.
The two-headed ogre is heavily wounded.
The two-headed ogre looks more healthy.
The two-headed ogre struggles against the net. x2
You hit the two-headed ogre.
The two-headed ogre is heavily wounded.
The two-headed ogre struggles against the net.
The net rips apart, and the two-headed ogre comes free!
You closely miss the two-headed ogre.
The two-headed ogre is heavily wounded.
The two-headed ogre hits you with a +0 giant club!!
You block the two-headed ogre's attack.
You closely miss the two-headed ogre.
The two-headed ogre is heavily wounded.
The two-headed ogre hits you but does no damage.
The two-headed ogre hits you with a +0 dire flail.
You hit the two-headed ogre but do no damage.
The two-headed ogre is heavily wounded.
The two-headed ogre barely misses you.
The two-headed ogre hits you with a +0 dire flail.
You slash the two-headed ogre!
The two-headed ogre is severely wounded.
You block the two-headed ogre's attack. x2
You hit the two-headed ogre.
The two-headed ogre is almost dead.
The two-headed ogre hits you with a +0 giant club.
The two-headed ogre barely misses you.
You barely miss the two-headed ogre.
The two-headed ogre is almost dead.
The two-headed ogre hits you with a +0 giant club.
The two-headed ogre hits you with a +0 dire flail!
* * * LOW HITPOINT WARNING * * *
You hit the two-headed ogre but do no damage.
The two-headed ogre is severely wounded.
You block the two-headed ogre's attack. The two-headed ogre barely misses you.
You hit the two-headed ogre.
The two-headed ogre is almost dead.
The two-headed ogre hits you with a +0 giant club!!
You die...
Your body crumbles into a pile of gold.

###.....## .
###........##### ...
#......)........
...(.#####.##............
#((...>................
>......##.#...............
#####..#....#####.........
##.#...######.......<.
#.#..##...@O........
#.#.##..####........
#.#.##<#############
##...#..###...#
..............# #### #
...#...####...## #..# ##..
. #.## #....# #..# .#.#.
... ####.# ##..# ........#
#.###..##


You could see a two-headed ogre.

Vanquished Creatures
  A scorpion (D:4)
  2 orc priests (D:3)
  A jelly (D:4)
  A gnoll bouda (D:5)
  An iguana (D:4)
  2 orc wizards (D:3)
  8 gnolls
  10 adders
  A white imp (D:5)
  A worm (D:2)
  A dart slug (D:3)
  7 orcs
  7 ball pythons
  6 endoplasms
  4 giant cockroaches
  10 hobgoblins
  4 jackals (D:1)
  5 quokkas
  6 bats
  2 frilled lizards (D:1)
  7 goblins
  5 kobolds
  3 rats
95 creatures vanquished.

Notes
Turn   | Place    | Note
-------+----------+-------------------------------------------
     0 | D:1      | Turgor the Demonspawn Gladiator began the quest for the
                  | Orb.
     0 | D:1      | Reached XP level 1. HP: 16/16 MP: 1/1
   165 | D:1      | Found Qeresefo's Armour Shop.
   197 | D:1      | Discovered your monstrous ancestry.
   197 | D:1      | Gained mutation: You have a pair of small antennae on your
                  | head. [demonic ancestry]
   197 | D:1      | Reached XP level 2. HP: 21/22 MP: 2/2
   222 | D:1      | Reached skill level 3 in Axes
   302 | D:1      | Got the Papyrus of Distorted Imprecation
   577 | D:1      | Gained mutation: You have a pair of antennae on your head.
                  | [demonic ancestry]
   577 | D:1      | Reached XP level 3. HP: 26/28 MP: 3/3
  1333 | D:2      | Reached skill level 1 in Shields
  1333 | D:2      | Gained mutation: You sometimes gain a little power by
                  | taking damage. [demonic ancestry]
  1333 | D:2      | Reached XP level 4. HP: 34/34 MP: 4/4
  1520 | D:2      | Identified the +8 dagger of the Hand {vorpal, rElec Str+2
                  | Dex+2}
  1989 | D:3      | Reached skill level 4 in Axes
  2111 | D:3      | Gained mutation: You regenerate magic rapidly. [demonic
                  | ancestry]
  2111 | D:3      | Reached XP level 5. HP: 33/40 MP: 5/5
  2653 | D:3      | Gained mutation: You sometimes gain power by taking damage.
                  | [demonic ancestry]
  2653 | D:3      | Reached XP level 6. HP: 47/47 MP: 6/6
  3080 | D:4      | Found a staircase to the Ecumenical Temple.
  3192 | Temple   | Entered the Ecumenical Temple
  3200 | Temple   | Became a worshipper of Gozag Ym Sagoz the Greedy
  3381 | D:4      | Found a broken altar of Ashenzari.
  3580 | D:5      | Entered Level 5 of the Dungeon
  3602 | D:5      | Found Oneu's General Store.
  3610 | D:5      | Bought a potion of curing for 45 gold pieces
  3610 | D:5      | Bought a scroll of identify for 30 gold pieces
  3610 | D:5      | Bought a scroll of identify for 30 gold pieces
  3722 | D:5      | Reached skill level 5 in Axes
  3758 | D:5      | Reached XP level 7. HP: 40/53 MP: 7/7
  3817 | D:5      | Noticed a two-headed ogre
  3847 | D:5      | HP: 2/53 [two-headed ogre/+0 giant club (14)]
  3849 | D:5      | Annihilated by a two-headed ogre

Illustrated notes

Levels and vault maps discovered:
D:1:      dpeg_arrival_morbid_curiosity, layout_basic, serial_shops, shop
D:2:      layout_rooms, serial_aquarium, aquarium_bridge_square
          [aquarium_subvault_wall, aquarium_subvault_wall,
          aquarium_subvault_wall, aquarium_subvault_bridge], aquarium_window_1,
          aquarium_window_double, aquarium_window_corner,
          aquarium_window_corridor_1, aquarium_view_2c, aquarium_view_2e,
          aquarium_balcony_1b, minmay_misc_feat_more_columns, minmay_cupped
D:3:      layout_rooms
D:4:      layout_basic, cheibrodos_ashenzari_chains,
          minmay_temple_entry_poolview, nicolae_concentric_dashed_squares_mild
D:5:      layout_rooms, serial_shops, nicolae_shop_hallway_plus,
          kennysheep_diamond
Temple:   regret_index_temple_mists

Skill      XL: |  1  2  3  4  5  6 |
---------------+-------------------+-----
Axes           | 3 4 5 |  5.1
Throwing       | 2 |  2.0
Dodging        | 3 |  3.0
Shields        | 1 2 3 |  3.5
Fighting       | 3 |  3.8

Action                   |  1- 3 |  4- 6 |  7- 9 || total
-------------------------+-------+-------+-------++-------
Melee: War axe           |   129 |    30 |    10 ||   169
       Punch             |     1 |       |       ||     1
       Dagger            |       |   147 |       ||   147
Throw: Throwing net      |       |     2 |     2 ||     4
       Javelin           |       |     2 |     1 ||     3
       Dart              |       |       |     3 ||     3
  Use: Scroll            |       |     6 |       ||     6
 Stab: Sleeping          |       |     1 |       ||     1
       Held in net/web   |       |       |     1 ||     1
Armor: Leather armour    |    18 |     5 |       ||    23
       Chain mail        |       |    20 |     1 ||    21
       Skin              |       |     1 |       ||     1
Dodge: Dodged            |    90 |    62 |     3 ||   155
Block: Kite shield       |    33 |    96 |     4 ||   133

Table legend: (Time is in decaauts)
 A = Elapsed time spent in this place.
 B = Non-inter-level travel time spent in this place.
 C = Inter-level travel time spent in this place.
 D = Time resting spent in this place.
 E = Time spent auto-exploring this place.
 F = Levels seen in this place.
 G = Mean time per level.
                   A        B        C        D        E       F      G
               +--------+--------+--------+--------+--------+-----+--------+
         Total |   3951 |   3744 |    207 |    188 |   2369 |   6 |  658.5 |
       Dungeon |   3930 |   3732 |    198 |    188 |   2369 |   5 |  786.0 |
        Temple |     21 |     12 |      9 |      0 |      0 |   1 |   21.0 |
               +--------+--------+--------+--------+--------+-----+--------+

Top non-repeatable levels by time:
     D:1: 1134 daAuts
     D:2: 961 daAuts
     D:4: 855 daAuts
     D:3: 701 daAuts
     D:5: 277 daAuts
  Temple: 21 daAuts
